Unix NetHack Version 5.0.0-0 post-release - last build May 23 2026 06:08:33 (1c0ff79ee797540d5714e4e18072db0edd9e58ae,branch:main).

Game began 2026-05-29 02:49:36, ended 2026-05-30 03:26:08.

CyberFan, lawful male human Samurai

                                 @          @
                                 a

            -----                 @    @
           a .A.|                 H @ O      A                 @ A   @     D
     ---------aa--   ---
     |...@...|.%.-- --..         Aq   @     @A     A          A        Q
     |....@..|aAa.---AA..a....--  a   -U---  A       @ a A    A   Q  A@    A
     |...@.a.%./(.%)a.@..a.....|  a a a&aDaD A    @      @    @@    @
     |.......|.@aa---aa..a..a.--   &D&aA.TD&     @A   D                D
    A|.......|%..--    a.a.a.--     ---|            w~  A      @     w
     ---------..--     --%---       QHfNABa          ~                     B
            ....|      |...------- @@@XaaaAA         ~                 A O
           ------      |.aa..%.qu|zaR&.A &aaa  a      ~~~~~~
                       -------.A.--aaQY@Uaa@   E&   AAA   ~
                              .aaN--YEa@JNa        H      ~
                                aH.----T-  -     A A     @BA
                                Xa@aX.N.a.aH..A...  H
                                  ------- --------
CyberFan the Ryoshu    St:25 Dx:17 Co:15 In:12 Wi:16 Ch:11  Lawful
Astral Plane $:0  HP:0(131) Pw:74(74) AC:-22 Xp:16/464036 T:45443  Blind Stun

Latest messages:
 You survived that attempt on your life.
 You hit the priestess of Susanowo.
 You hit the priestess of Susanowo.
 The displacer beast misses!
 The displacer beast misses!
 The displacer beast misses!
 The disenchanter misses!
 The genetic engineer misses!
 Famine reaches out, and your body shrivels.
 Famine touches you!
 Timo the invisible Sorcerer casts a spell!
 Monsters appear from nowhere!
 Andy the invisible Patriarch hits!
 The priestess of Susanowo hits!
 The priestess of Susanowo misses!
 The priestess of Susanowo casts a spell at you!
 You stiffen briefly.
 Pestilence moves the giant beetle out of the way!
 Andy the invisible Patriarch hits!
 You hear a mumbled curse.
 You feel less confused now.
 You can move again.
 What do you want to zap? [efjlwxAFGNORS or ?*]
 In what direction?
 The sleep ray hits the Angel of Moloch.
 The sleep ray hits the Angel of Moloch.
 You hear a chugging sound.
 The displacer beast misses!
 The displacer beast misses!
 The displacer beast just misses!
 The xorn misses!
 The xorn misses!
 The xorn just misses!
 The xorn misses!
 The disenchanter hits!
 Your cloak of magic resistance seems less effective.
 The genetic engineer hits!
 Famine reaches out, and your body shrivels.
 Famine touches you!
 You hear a nearby zap.
 The magic missile hits the genetic engineer!
 The magic missile hits the genetic engineer!
 The magic missile hits you!
 For some reason you are not affected.
 The priestess of Susanowo hits!
 The priestess of Susanowo misses!
 You hit the priestess of Susanowo.
 You hit the priestess of Susanowo.
 Famine reaches out, and your body shrivels.
 You die...

Inventory:
 Amulets  ('"')
  c - the uncursed Amulet of Yendor named Real
 Weapons  (')')
  h - the blessed rustproof +7 Excalibur (wielded in right hand)
  a - an uncursed rustproof +4 katana (wielded in left hand)
 Armor    ('[')
  v - a blessed rusty +4 dwarvish iron helm (being worn)
  C - a blessed +3 pair of gauntlets of power (being worn)
  g - a cursed burnt +3 pair of speed boots (being worn)
  I - an uncursed +0 pair of water walking boots
  L - a blessed fireproof +2 cloak of magic resistance (being worn)
  Q - a blessed burnt +4 Hawaiian shirt with a toucan motif (being worn)
  b - a blessed +4 silver dragon scale mail (being worn)
 Comestibles  ('%')
  Z - 3 uncursed jackfruits
  J - 2 uncursed C-rations
  U - an uncursed cram ration
  M - 3 uncursed gunyoki
 Spellbooks  ('+')
  B - the uncursed Book of the Dead
 Rings    ('=')
  i - an uncursed ring of conflict (on left hand)
  P - a cursed ring of free action (on right hand)
  p - an uncursed +4 ring of increase damage
  H - an uncursed ring of levitation
  K - an uncursed ring of regeneration
 Wands    ('/')
  e - a cursed wand of cancellation (0:6)
  j - a blessed wand of death (0:0)
  A - an uncursed wand of death (0:0)
  w - an uncursed wand of digging (0:1)
  x - an uncursed wand of enlightenment (0:5)
  F - an uncursed wand of fire (0:4)
  f - a cursed wand of fire (0:0)
  G - an uncursed wand of lightning (0:5)
  l - an uncursed wand of magic missile (0:8)
  N - a cursed wand of sleep (0:3)
  R - an uncursed wand of speed monster (0:6)
  O - an uncursed wand of speed monster (0:5)
  S - an uncursed wand of stasis (0:5)
 Tools    ('(')
  m - a blessed bag of holding containing 24 items
  W - a cursed sack containing 6 items
  o - the uncursed Bell of Opening (0:2)
  s - the cursed Candelabrum of Invocation (0 of 7 candles attached)
  n - an uncursed magic marker (1:6)
  u - an uncursed osaku
  t - an uncursed towel
  d - a blessed +0 unicorn horn
 Gems/Stones  ('*')
  T - a blessed luckstone

Contents of the bag of holding:
  an uncursed amulet of reflection
  the blessed +0 Tsurugi of Muramasa
  the blessed rustproof +0 Snickersnee
  an uncursed +0 cloak of protection
  an uncursed scroll of amnesia
  an uncursed scroll of blank paper
  a cursed scroll of blank paper
  an uncursed scroll of confuse monster
  an uncursed scroll of create monster
  a blessed scroll of destroy armor
  a blessed scroll of enchant armor
  an uncursed scroll of remove curse
  3 cursed scrolls of teleportation
  an uncursed potion of gain energy
  an uncursed potion of paralysis
  2 uncursed potions of speed
  3 potions of holy water
  an uncursed +1 ring of adornment
  a blessed ring of conflict
  an uncursed ring of sustain ability
  an uncursed ring of teleport control
  an uncursed magic marker (1:2)
  an uncursed magic marker (1:0)
  a blessed oil lamp

Contents of the sack:
  an uncursed wand of cancellation (0:5)
  an uncursed wand of cold (0:4)
  an uncursed wand of digging (0:3)
  an uncursed wand of magic missile (0:2)
  an uncursed wand of polymorph (0:0)
  an uncursed wand of striking (0:6)

CyberFan the Samurai's attributes:

Background:
 You were a Ryoshu, a level 16 male human Samurai.
 You were lawful, on a mission for Amaterasu Omikami
 who was opposed by Raijin (neutral) and Susanowo (chaotic).
 You were right-handed.
 You were in the endgame, on the Astral Plane.
 You entered the dungeon 45443 turns ago.
 It was nighttime.
 You had 464036 experience points, 175964 more were needed to attain level 17.

Basics:
 You had 0 out of 131 hit points.
 You had all 74 energy points (spell power).
 Your armor class was -22.
 Your wallet was empty.
 Autopickup was off.

Final Characteristics:
 Your strength was 25 (base:18/02, innate limit:18/100).
 Your dexterity was 17 (peak:18, limit:18).
 Your constitution was 15 (peak:18, limit:18).
 Your intelligence was 12 (limit:18).
 Your wisdom was 16 (limit:18).
 Your charisma was 11 (limit:18).

Final Status:
 You were stunned.
 You were temporarily blind.
 You weren't hungry.
 You were unencumbered.
 You were wielding two weapons at once.
 You had expert skill with long sword and two weapons.

Final Attributes:
 You were the Hand of Elbereth.
 You were piously aligned.
 You were magic-protected.
 You were fire resistant.
 You were cold resistant.
 You were sleep resistant.
 You were disintegration resistant.
 You were shock resistant.
 You were poison resistant.
 You were level-drain resistant.
 You would have seen invisible when not blind.
 You were telepathic.
 You had automatic searching.
 You were invisible to others.
 You were stealthy.
 You aggravated monsters.
 You caused conflict.
 You were warded.
 You were very fast.
 You had reflection.
 You had free action.
 You were extremely lucky.
 You had extra luck.
 Good luck did not time out for you.
 You are dead (4th time!).

Miscellaneous:
 You disabled loading and storing of bones levels.
 Total elapsed playing time was 12 hours, 22 minutes and 11 seconds.

Major events:
 Turn
    1: CyberFan the lawful male human Samurai entered the dungeon
  460: attained the rank of Ronin (level 3)
  639: entered the Gnomish Mines
 1032: reached Mine Town
 1142: attained the rank of Ninja (level 6)
 1280: was bestowed with Snickersnee by Amaterasu Omikami
 3987: Maganasipi, the general store proprietrix, has been killed
 4488: Alaca, the used armor dealership proprietrix, has been killed
 4933: Swidnica, the liquor emporium proprietor, has been killed
 5436: entered Sokoban
 5648: completed 1st Sokoban level
 6071: completed 2nd Sokoban level
 6683: completed 3rd Sokoban level
 7172: completed 4th Sokoban level
 7651: acquired the Sokoban amulet of reflection
 8148: performed his first genocide (rust monsters)
 8408: Clonegal, the second-hand bookstore proprietor, has been killed
 9810: attained the rank of Joshu (level 10)
10095: Gliwice, the liquor emporium proprietrix, has been killed
10720: Maganasipi, the general store proprietrix, has been killed
12212: Gheel, the jewelers proprietor, has been killed
13983: the Oracle has been killed
13984: was given Excalibur by the Lady of the Lake
14768: Noskcirdneh, the hardware store proprietor, has been killed
16849: Trenggalek, the delicatessen proprietrix, has been killed
17116: Izchak, the lighting store proprietor, has been killed
19908: killed Medusa
21463: made his first wish - "blessed greased fireproof +2 cloak of magic resistance", got "a greased ornamental cope"
21466: wished for "uncursed magic marker", got "a magic marker"
21831: wished for "blessed amulet of life saving", got "an amulet of life saving"
24613: entered Gehennom
24847: attained the rank of Ryoshu (level 14)
27353: entered Home 1, the Quest
27583: Lord Sato has granted access to proceed deeper into the quest
27597: entered Home 2, the Quest
27838: entered Home 3, the Quest
28023: wished for "uncursed magic marker", got "a magic marker"
28173: entered Home 4, the Quest
28216: entered Home 5, the Quest
28397: entered Home 6, the Quest
28601: found the Tsurugi of Muramasa on the floor
28611: killed Ashikaga Takauji
28612: acquired the Bell of Opening
28614: wished for "blessed greased bag of holding", got "a greased bag"
29478: was crowned "The Hand of Elbereth" by Amaterasu Omikami
30892: genocided class L
31231: killed Asmodeus
31885: killed Baalzebub
31964: killed Juiblex
33033: killed Orcus
37531: destroyed Vlad the Impaler
37533: acquired the Candelabrum of Invocation
40319: genocided class ;
40850: killed the Wizard of Yendor
40853: acquired the Book of the Dead
41121: killed the Wizard of Yendor (2nd time)
41175: performed the invocation
41874: genocided class h
41889: killed the high priest of Moloch
41893: acquired The Amulet of Yendor
41894: wished for "blessed wand of death", got "a wand of death"
42962: killed the Wizard of Yendor (3rd time)
44068: killed the Wizard of Yendor (5th time)
44169: entered the Elemental Planes
44169: entered Plane of Earth
44480: entered Plane of Air
44578: entered Plane of Fire
44937: entered Plane of Water
45324: entered the Astral Plane
45342: killed Famine
45371: killed Famine (2nd time)
45388: killed Famine (3rd time)
45391: averted death (killed by an Angel of Moloch)
45435: averted death (killed by a priestess of Susanowo)
45441: averted death (killed by Famine)
45443: killed by Famine

You didn't know any spells.

Skills:
 Fighting Skills
   martial arts      [Basic]
   two weapon combat [Expert]
   riding            [Unskilled]
 Weapon Skills
   dagger            [Unskilled]
   knife             [Unskilled]
   short sword       [Basic]
   broadsword        [Unskilled]
   long sword        [Expert]
   two-handed sword  [Unskilled]
   saber             [Unskilled]
   flail             [Unskilled]
   quarterstaff      [Unskilled]
   polearms          [Unskilled]
   spear             [Unskilled]
   lance             [Unskilled]
   bow               [Basic]
   shuriken          [Unskilled]
 Spellcasting Skills
   attack spells     [Unskilled]
   divination spells [Unskilled]
   clerical spells   [Unskilled]

Voluntary challenges:
 Character rerolling was not enabled.
 You genocided 18 types of monsters.
 You used 6 wishes.
 You did not wish for any artifacts.
 You violated the special Sokoban rules 7 times.
Achievements:
 You entered a shop.
 You attained the rank of Ronin.
 You entered the Gnomish Mines.
 You entered Minetown.
 You entered a temple.
 You attained the rank of Ninja.
 You entered Sokoban.
 You completed Sokoban.
 You attained the rank of Joshu.
 You defeated Medusa.
 You entered Gehennom.
 You attained the rank of Ryoshu.
 You had the Bell of Opening.
 You had the Candelabrum of Invocation.
 You had the Book of the Dead.
 You gained access to Moloch's Sanctum.
 You had the Amulet of Yendor.
 You reached the Elemental Planes.
 You reached the Astral Plane.

 The Elemental Planes:
    Astral Plane: <- You were here.
       A temple and an altar.
       Final resting place for
          you, killed by Famine.
    Plane of Water:
    Plane of Fire:
    Plane of Air:
    Plane of Earth:
 The Dungeons of Doom: levels 1 to 26
    Level 1:
       One way stairs up to The Elemental Planes.
    Level 2:
       A general store, a fountain.
    Level 3:
       An armor shop.
       Stairs down to The Gnomish Mines.
    Level 4:
    Level 5:
    Level 6:
    Level 7:
       Oracle of Delphi.
    Level 8:
       A potion shop.
       Stairs up to Sokoban, level 7.
    Level 9:
    Level 10:
       A scroll shop.
    Level 11:
    Level 12:
    Level 13:
       A potion shop, a sink.
       Summoned by Lord Sato.
       Portal to The Quest.
    Level 14:
    Level 15:
       A general store, a grave.
    Level 16:
       A grave.
    Level 17:
       A primitive area.
    Level 18:
       Some fountains.
    Level 19:
    Level 20:
       An untended shop.
    Level 21:
    Level 22:
    Level 23:
    Level 24:
    Level 25:
    Level 26:
       A fountain.
       Connection to Gehennom.
 Gehennom: levels 27 to 48
    Level 27:
       A temple and an altar, many graves.
       Valley of the Dead.
    Level 28:
    Level 29:
    Level 30:
    Level 31:
    Level 32:
    Level 33:
       A fountain.
    Level 34:
    Level 35:
    Level 36:
       Stairs up to Vlad's Tower, level 35.
    Level 37:
       Some shops, an altar, many graves.
    Level 38:
    Level 39:
    Level 40:
    Level 41:
    Level 42:
    Level 43:
    Level 44:
    Level 45:
    Level 46:
    Level 47:
    Level 48:
       A temple and an altar, many graves.
       Moloch's Sanctum.
 The Gnomish Mines: levels 4 to 11
    Level 4:
    Level 5:
    Level 6:
       Many shops, a temple and an altar to Amaterasu Omikami, some fountains.
    Level 7:
    Level 8:
    Level 9:
    Level 10:
    Level 11:
 The Quest: levels 1 to 6
    Level 1:
       Given quest by Lord Sato.
    Level 2:
    Level 3:
    Level 4:
    Level 5:
    Level 6:
 Sokoban: levels 7 up to 4
    Level 4:
       Solved.
    Level 5:
       Solved.
    Level 6:
       Solved.
    Level 7:
       Solved.
 Vlad's Tower: levels 35 up to 33
    Level 33:
       A throne.
    Level 34:
    Level 35:


Vanquished creatures:
    Asmodeus
    Baalzebub
    Orcus
  2 erinyes
    Juiblex
the Wizard of Yendor (7 times)
    Famine (4 times)
    Vlad the Impaler
 an arch-lich
  a high cleric
  4 mastodons
    Medusa
  8 krakens
  3 iron golems
  6 storm giants
  a titan
  4 balrogs
  6 purple worms
  a gold dragon
  8 silver dragons
  8 red dragons
  3 white dragons
  2 orange dragons
  2 black dragons
  5 blue dragons
  4 green dragons
  4 yellow dragons
 25 minotaurs
  a jabberwock
    Ashikaga Takauji
  2 baluchitheria
  5 Angels
  2 demiliches
  6 stone golems
  5 master mind flayers
 12 Olog-hai
  4 Nazgul
 13 pit fiends
  a sandestin
  7 hell hounds
  2 displacer beasts
  5 titanotheres
  4 trappers
  a baby gold dragon
  6 baby red dragons
  2 baby white dragons
  2 guardian nagas
  4 genetic engineers
  4 disenchanters
 36 vampire leaders
  8 skeletons
 10 shopkeepers
the Oracle
 19 aligned clerics
 11 captains
  6 shades
  4 liches
  3 water trolls
  5 clay golems
  5 nurses
  8 ice devils
  9 nalfeshnees
  2 lurkers above
  2 ettins
  2 golden nagas
  7 black puddings
 26 vampires
  6 lieutenants
  a watch captain
 37 ghosts
 10 samurai
  a queen bee
  5 winged gargoyles
  2 mind flayers
  4 giant mimics
  7 long worms
 10 zruties
  a fire giant
  7 ogre tyrants
  3 ice trolls
 17 rock trolls
 12 umber hulks
  2 flesh golems
  6 elven monarchs
  2 doppelgangers
 11 hezrous
 14 bone devils
 10 large mimics
  2 wumpuses
 16 fire vortices
  a couatl
 40 stalkers
 14 air elementals
 22 fire elementals
 26 earth elementals
 30 water elementals
  3 hill giants
  2 giant mummies
 10 xorns
 26 giant zombies
  5 elf-nobles
  6 sergeants
 14 barbed devils
  5 vrocks
 10 salamanders
  9 wargs
  a winter wolf
 11 hell hound pups
 19 small mimics
  3 glass piercers
  4 warhorses
 15 steam vortices
 14 xans
  6 ettin mummies
 10 ogre leaders
 14 quantum mechanics
  6 trolls
  2 sasquatches
  2 wood golems
  9 mariliths
  4 djinn
  4 sharks
 10 gelatinous cubes
  4 pyrolisks
  2 large dogs
  3 freezing spheres
 11 flaming spheres
  8 shocking spheres
  2 large cats
  2 tigers
  9 gargoyles
  3 dwarf rulers
  3 tengu
 10 ochre jellies
  5 leocrottas
  8 energy vortices
  2 mountain centaurs
  6 stone giants
  5 elf mummies
  4 human mummies
 12 red nagas
  7 green slimes
  7 pythons
 21 pit vipers
 17 cobras
 41 wraiths
  5 carnivorous apes
 26 ettin zombies
 10 Grey-elves
 57 soldiers
  3 watchmen
 10 amorous demons
  6 horned devils
  5 chameleons
  2 crocodiles
 56 giant beetles
  7 quivering blobs
 21 cockatrices
 55 wolves
  8 winter wolf cubs
  2 lynxes
  4 panthers
 12 gremlins
  2 spotted jellies
 11 leprechauns
  2 orc-captains
  6 iron piercers
  6 giant spiders
  3 scorpions
  7 horses
 an ice vortex
  a baby long worm
  7 black lights
  9 vampire bats
  5 forest centaurs
  5 gnome rulers
  3 orc mummies
  2 dwarf mummies
  3 ogres
  4 brown puddings
  a rust monster
  8 owlbears
  3 yetis
  a gold golem
  2 werewolves
 14 Green-elves
  2 piranha
 13 giant eels
 17 lizards
 19 ninja
  3 chickatrices
  3 dingoes
  3 dogs
  8 jaguars
  3 dwarf leaders
  3 blue jellies
  3 white unicorns
  2 gray unicorns
 13 black unicorns
 16 dust vortices
  4 ravens
  2 plains centaurs
  3 gnome mummies
  7 snakes
 10 water moccasins
  2 apes
 37 human zombies
  4 rope golems
 10 Woodland-elves
 47 soldier ants
 25 fire ants
  6 bugbears
 an imp
  3 lemures
 12 quasits
 10 wood nymphs
  4 water nymphs
  4 mountain nymphs
  2 Mordor orcs
  8 Uruk-hai
  5 orc shamans
  3 rock piercers
  4 rock moles
  4 ponies
  3 fog clouds
  6 yellow lights
  3 shriekers
  7 violet fungi
 18 gnome leaders
  7 gnomish wizards
  5 kobold mummies
  6 gray oozes
  9 barrow wights
 32 elf zombies
 17 ghouls
  a straw golem
  a paper golem
  5 jellyfish
 66 giant ants
  a little dog
  6 floating eyes
  3 kittens
 24 dwarves
  7 homunculi
  a kobold leader
  a kobold shaman
 12 hill orcs
 13 rothes
  a rabid rat
  2 centipedes
  9 giant bats
  4 monkeys
 33 orc zombies
 32 dwarf zombies
  3 wererats
  2 werejackals
 11 iguanas
 70 killer bees
  3 acid blobs
  4 coyotes
  a gas spore
  6 hobbits
 14 manes
  2 large kobolds
 10 hobgoblins
  8 giant rats
  3 cave spiders
  a brown mold
  2 yellow molds
  a red mold
 68 gnomes
  7 garter snakes
 27 gnome zombies
  3 geckos
  7 jackals
  2 foxes
  3 kobolds
  2 goblins
  3 sewer rats
  8 grid bugs
  7 bats
  7 lichens
 15 kobold zombies
 11 newts
2469 creatures vanquished.

Genocided species:
 arch-liches
 krakens
 master liches
 demiliches
 master mind flayers
 liches
 mind flayers
 sharks
 electric eels
 dwarf rulers
 rust monsters
 piranha
 giant eels
 dwarf leaders
 bugbears
 jellyfish
 dwarves
 hobbits
18 species genocided.

Game over:
                       ----------
                      /          \
                     /    REST    \
                    /      IN      \
                   /     PEACE      \
                  /                  \
                  |     CyberFan     |
                  |       0 Au       |
                  | killed by Famine |
                  |                  |
                  |                  |
                  |                  |
                  |       2026       |
                 *|     *  *  *      | *
        _________)/\\_//(\/(/\)/\//\/|_)_______

Sayonara CyberFan the Samurai...

You died in The Astral Plane with 1432896 points,
and 0 pieces of gold, after 45443 moves.
You were level 16 with a maximum of 131 hit points when you died.

